| TOP OF THE 1ST |
|
Corpus Christi Hooks batting - Pitching for Chattanooga Lookouts : LHP Kazuo Nishihara
|
|
Pitching: LHP Kazuo Nishihara
|
|
|
Batting: RHB Antonio Gamez
|
0-0: Called Strike 0-1: Ball 1-1: Ball 2-1: Fly out, F8 (Flyball, 8LM, EV 93.8 MPH)
|
|
Batting: LHB Chris Cabrera
|
0-0: Ground out 5-3 (Groundball, 5L, EV 110.6 MPH)
|
|
Batting: RHB Jordan Williams
|
0-0: Called Strike 0-1: DOUBLE (Line Drive, 9LM, EV 105.6 MPH)
|
|
Batting: LHB Sean Trueblood
|
0-0: Ball 1-0: Called Strike 1-1: SINGLE (Line Drive, 7S, EV 103.8 MPH) Jordan Williams to third Runner from 3rd tries for Home, SAFE, throw by LF to home
|
|
Batting: LHB Daniel Lopez
|
0-0: Fly out, F6 (Popup, 15, EV 85.6 MPH)
|
| Top of the 1st over - 1 run, 2 hits, 0 errors, 1 left on base; Corpus Christi 1 - Chattanooga 0 |
| BOTTOM OF THE 1ST |
|
Chattanooga Lookouts batting - Pitching for Corpus Christi Hooks : RHP Bill Tulk
|
|
Pitching: RHP Bill Tulk
|
|
|
Batting: LHB Marius Tadini
|
0-0: Called Strike 0-1: Called Strike 0-2: Ball 1-2: Strikes out looking
|
|
Batting: RHB Miguel Verduzco
|
0-0: Ball 1-0: Fly out, F6 (Line Drive, 6, EV 70.0 MPH)
|
|
Batting: LHB Matt Robertson
|
0-0: Ball 1-0: Ball 2-0: Ball 3-0: Base on Balls
|
|
Batting: RHB Isaiah Easter
|
0-0: Called Strike Matt Robertson is caught stealing 2nd base 2-4
|
| Bottom of the 1st over - 0 runs, 0 hits, 0 errors, 0 left on base; Corpus Christi 1 - Chattanooga 0 |
| TOP OF THE 2ND |
|
Corpus Christi Hooks batting - Pitching for Chattanooga Lookouts : LHP Kazuo Nishihara
|
|
Batting: LHB Dylan LaRose
|
0-0: Ball 1-0: Ball 2-0: Ball 3-0: Base on Balls
|
|
Batting: RHB Chris McGrath
|
0-0: Called Strike 0-1: Ball Pickoff Throw to First - Error! E1 Dylan LaRose to second 1-1: Foul Ball, location: 2F 1-2: Ground out 3-1 (Groundball, 34S, EV 88.1 MPH) Dylan LaRose to third
|
|
Batting: RHB Greg Marlar
|
0-0: Called Strike 0-1: Foul Ball, location: 2F 0-2: Fly out, F9 (Flyball, 9LD, EV 98.8 MPH) Runner from 3rd tags up, SCORES, no throw by RF
|
|
Batting: RHB Ray Finkle
|
0-0: DOUBLE (Line Drive, 89M, EV 108.1 MPH)
|
|
Batting: RHB Antonio Gamez
|
0-0: Swinging Strike 0-1: Ball 1-1: Ground out 4-3 (Groundball, 4, EV 103.1 MPH)
|
| Top of the 2nd over - 1 run, 1 hit, 1 error, 1 left on base; Corpus Christi 2 - Chattanooga 0 |
| BOTTOM OF THE 2ND |
|
Chattanooga Lookouts batting - Pitching for Corpus Christi Hooks : RHP Bill Tulk
|
|
Batting: RHB Isaiah Easter
|
0-0: Called Strike 0-1: Ball 1-1: Called Strike 1-2: Strikes out swinging
|
|
Batting: RHB Justin Allison
|
0-0: SINGLE (Line Drive, 78S, EV 95.6 MPH)
|
|
Batting: SHB Chris Ortiz
|
0-0: Ball 1-0: Foul Ball, location: 2F 1-1: Foul Ball, location: 2F 1-2: Ball 2-2: Strikes out swinging
|
|
Batting: RHB Bobby Paredes
|
0-0: Called Strike 0-1: Called Strike 0-2: Foul Ball, location: 2F 0-2: Ball 1-2: Ball 2-2: Ball 3-2: Foul Ball, location: 2F 3-2: Fly out, F4 (Flyball, 3D, EV 86.9 MPH)
|
| Bottom of the 2nd over - 0 runs, 1 hit, 0 errors, 1 left on base; Corpus Christi 2 - Chattanooga 0 |
| TOP OF THE 3RD |
|
Corpus Christi Hooks batting - Pitching for Chattanooga Lookouts : LHP Kazuo Nishihara
|
|
Batting: LHB Chris Cabrera
|
0-0: Called Strike 0-1: Ground out U3 (Groundball, 34S, EV 89.4 MPH)
|
|
Batting: RHB Jordan Williams
|
0-0: Ball 1-0: Foul Ball, location: 2F 1-1: Ball 2-1: Ball 3-1: Foul Ball, location: 2F 3-2: Base on Balls
|
|
Batting: LHB Sean Trueblood
|
0-0: Fly out, F6 (Line Drive, 6, EV 68.1 MPH)
|
|
Batting: LHB Daniel Lopez
|
0-0: Ball 1-0: Called Strike 1-1: Foul Ball, location: 2F 1-2: Fly out, F9 (Flyball, 9LS, EV 93.8 MPH)
|
| Top of the 3rd over - 0 runs, 0 hits, 0 errors, 1 left on base; Corpus Christi 2 - Chattanooga 0 |
| BOTTOM OF THE 3RD |
|
Chattanooga Lookouts batting - Pitching for Corpus Christi Hooks : RHP Bill Tulk
|
|
Batting: RHB Julian de Reus
|
0-0: Swinging Strike 0-1: Ball 1-1: Ball 2-1: Ball 3-1: Foul Ball, location: 2F 3-2: Foul Ball, location: 2F 3-2: Strikes out looking
|
|
Batting: RHB Francisque Regras
|
0-0: Called Strike 0-1: Foul Ball, location: 2F 0-2: Ball 1-2: Ball 2-2: Strikes out swinging
|
|
Batting: LHB Marius Tadini
|
0-0: Ground out 3-1 (Groundball, 34S, EV 85.6 MPH)
|
| Bottom of the 3rd over - 0 runs, 0 hits, 0 errors, 0 left on base; Corpus Christi 2 - Chattanooga 0 |
| TOP OF THE 4TH |
|
Corpus Christi Hooks batting - Pitching for Chattanooga Lookouts : LHP Kazuo Nishihara
|
|
Batting: LHB Dylan LaRose
|
0-0: Ball 1-0: Foul Ball, location: 2F 1-1: Ground out 4-3 (Groundball, 4, EV 81.9 MPH)
|
|
Batting: RHB Chris McGrath
|
0-0: Ball 1-0: Ball 2-0: DOUBLE (Line Drive, 89D, EV 103.1 MPH)
|
|
Batting: RHB Greg Marlar
|
0-0: Ball 1-0: Called Strike 1-1: Ball 2-1: Ball 3-1: Called Strike 3-2: Base on Balls
|
|
Batting: RHB Ray Finkle
|
0-0: Called Strike 0-1: Ball 1-1: Grounds into double play, 6-4-3 (Groundball, 6, EV 104.4 MPH)
|
| Top of the 4th over - 0 runs, 1 hit, 0 errors, 1 left on base; Corpus Christi 2 - Chattanooga 0 |
| BOTTOM OF THE 4TH |
|
Chattanooga Lookouts batting - Pitching for Corpus Christi Hooks : RHP Bill Tulk
|
|
Batting: RHB Miguel Verduzco
|
0-0: Foul Ball, location: 2F 0-1: Ball 1-1: Swinging Strike 1-2: Ball 2-2: Foul Ball, location: 2F 2-2: Strikes out looking
|
|
Batting: LHB Matt Robertson
|
0-0: Called Strike 0-1: Ball 1-1: Ball 2-1: Ground out 5-3 (Groundball, 5, EV 84.4 MPH)
|
|
Batting: RHB Isaiah Easter
|
0-0: Foul Ball, location: 2F 0-1: Foul Ball, location: 2F 0-2: Foul Ball, location: 2F 0-2: Strikes out swinging
|
| Bottom of the 4th over - 0 runs, 0 hits, 0 errors, 0 left on base; Corpus Christi 2 - Chattanooga 0 |
| TOP OF THE 5TH |
|
Corpus Christi Hooks batting - Pitching for Chattanooga Lookouts : LHP Kazuo Nishihara
|
|
Batting: RHB Antonio Gamez
|
0-0: Ball 1-0: SINGLE (Line Drive, 56D, EV 111.3 MPH)
|
|
Batting: LHB Chris Cabrera
|
0-0: Ball 1-0: Called Strike 1-1: Foul Ball, location: 2F 1-2: Foul Ball, location: 2F 1-2: Ball 2-2: Grounds into double play, 5-4-3 (Groundball, 56, EV 83.8 MPH)
|
|
Batting: RHB Jordan Williams
|
0-0: Called Strike 0-1: Foul Ball, location: 2F 0-2: Strikes out swinging
|
| Top of the 5th over - 0 runs, 1 hit, 0 errors, 0 left on base; Corpus Christi 2 - Chattanooga 0 |
| BOTTOM OF THE 5TH |
|
Chattanooga Lookouts batting - Pitching for Corpus Christi Hooks : RHP Bill Tulk
|
|
Batting: RHB Justin Allison
|
0-0: Called Strike 0-1: Foul Ball, location: 2F 0-2: Ball 1-2: Fly out, F7 (Flyball, 7D, EV 91.9 MPH)
|
|
Batting: SHB Chris Ortiz
|
0-0: Ball 1-0: Foul Ball, location: 2F 1-1: Foul Ball, location: 2F 1-2: Strikes out swinging
|
|
Batting: RHB Bobby Paredes
|
0-0: Swinging Strike 0-1: Ball 1-1: Called Strike 1-2: Ball 2-2: Fly out, F8 (Flyball, 8LD, EV 107.5 MPH)
|
| Bottom of the 5th over - 0 runs, 0 hits, 0 errors, 0 left on base; Corpus Christi 2 - Chattanooga 0 |
| TOP OF THE 6TH |
|
Corpus Christi Hooks batting - Pitching for Chattanooga Lookouts : LHP Kazuo Nishihara
|
|
Batting: LHB Sean Trueblood
|
0-0: Called Strike 0-1: Foul Ball, location: 2F 0-2: Fly out, F8 (Flyball, 8RD, EV 99.4 MPH)
|
|
Batting: LHB Daniel Lopez
|
0-0: Ball 1-0: Foul Ball, location: 2F 1-1: Ball 2-1: Swinging Strike 2-2: Foul Ball, location: 2F 2-2: Ball 3-2: Reached on error, E5 (Groundball, 56, EV 84.4 MPH)
|
|
Batting: LHB Dylan LaRose
|
0-0: Called Strike 0-1: Ball 1-1: Ball 2-1: Ball 3-1: 2-RUN HOME RUN (Flyball, 9LD, EV 93.8 MPH), Distance : 349 ft
|
|
Batting: RHB Chris McGrath
|
0-0: SINGLE (Line Drive, 7LS, EV 99.4 MPH)
|
|
Batting: RHB Greg Marlar
|
0-0: Ball Chris McGrath steals 2nd base (no throw) 1-0: SINGLE (Groundball, 34D, EV 96.3 MPH) Chris McGrath to third
|
|
Batting: RHB Ray Finkle
|
0-0: Called Strike 0-1: Ball 1-1: Called Strike 1-2: Ball 2-2: Fielders Choice at 2nd, 3-6 (Groundball, 3, EV 79.4 MPH) Chris McGrath scores
|
|
Pitching: RHP Justin Nourse
|
|
|
Batting: RHB Antonio Gamez
|
0-0: Ball 1-0: Foul Ball, location: 2F 1-1: Called Strike 1-2: Ground out 6-3 (Groundball, 6S, EV 76.9 MPH)
|
| Top of the 6th over - 3 runs, 3 hits, 1 error, 1 left on base; Corpus Christi 5 - Chattanooga 0 |
| BOTTOM OF THE 6TH |
|
Chattanooga Lookouts batting - Pitching for Corpus Christi Hooks : RHP Bill Tulk
|
|
Batting: RHB Julian de Reus
|
0-0: Ball 1-0: Ball 2-0: Foul Ball, location: 2F 2-1: Ground out 6-3 (Groundball, 6, EV 104.4 MPH)
|
|
Batting: RHB Francisque Regras
|
0-0: DOUBLE (Flyball, 8RD, EV 96.9 MPH)
|
|
Batting: LHB Marius Tadini
|
0-0: Ground out 4-3 (Groundball, 4S, EV 80.0 MPH) Francisque Regras to third
|
|
Batting: RHB Miguel Verduzco
|
0-0: Called Strike 0-1: Swinging Strike 0-2: Strikes out swinging
|
| Bottom of the 6th over - 0 runs, 1 hit, 0 errors, 1 left on base; Corpus Christi 5 - Chattanooga 0 |
| TOP OF THE 7TH |
|
Corpus Christi Hooks batting - Pitching for Chattanooga Lookouts : RHP Justin Nourse
|
|
Batting: LHB Chris Cabrera
|
0-0: Foul Ball, location: 2F 0-1: Foul Ball, location: 2F 0-2: Ball 1-2: Ball 2-2: Foul Ball, location: 2F 2-2: Ball 3-2: Ground out 5-3 (Groundball, 56, EV 75.6 MPH)
|
|
Batting: RHB Jordan Williams
|
0-0: Ball 1-0: Foul Ball, location: 2F 1-1: Ball 2-1: Ball 3-1: Base on Balls
|
|
Batting: LHB Sean Trueblood
|
0-0: 2-RUN HOME RUN (Flyball, 7D, EV 100.0 MPH), Distance : 374 ft
|
|
Batting: LHB Daniel Lopez
|
0-0: Ball 1-0: Called Strike 1-1: Ball 2-1: Reached on error, E4 (Groundball, 4, EV 85.6 MPH)
|
|
Batting: LHB Dylan LaRose
|
0-0: Ball 1-0: Called Strike 1-1: Grounds into double play, 4-6-3 (Groundball, 4, EV 87.5 MPH)
|
| Top of the 7th over - 2 runs, 1 hit, 1 error, 0 left on base; Corpus Christi 7 - Chattanooga 0 |
| BOTTOM OF THE 7TH |
|
Chattanooga Lookouts batting - Pitching for Corpus Christi Hooks : RHP Bill Tulk
|
|
Pinch Hitting: LHB Kozo Kanamori
|
0-0: Foul Ball, location: 2F 0-1: Ball 1-1: Ball 2-1: Called Strike 2-2: Ball 3-2: Base on Balls
|
|
Batting: RHB Isaiah Easter
|
0-0: Ball 1-0: Ball 2-0: Foul Ball, location: 2F 2-1: SINGLE (Groundball, 34D, EV 94.4 MPH) Kozo Kanamori to second
|
|
Batting: RHB Justin Allison
|
0-0: SINGLE (Groundball, 34D, EV 103.8 MPH) Kozo Kanamori to third Isaiah Easter to second Runner from 3rd tries for Home, SAFE, throw by RF to home
|
|
Batting: SHB Chris Ortiz
|
0-0: Swinging Strike 0-1: SINGLE (Groundball, 6, EV 99.4 MPH) Isaiah Easter to third Justin Allison to second Runner from 3rd tries for Home, SAFE, throw by CF to home
|
|
Batting: RHB Bobby Paredes
|
0-0: Ball 1-0: Ball 2-0: Ball 3-0: Foul Ball, location: 2F 3-1: Swinging Strike 3-2: DOUBLE (Line Drive, 89M, EV 108.1 MPH) Justin Allison scores Chris Ortiz to third
|
|
Pitching: RHP Michael Bruce
|
|
|
Batting: RHB Julian de Reus
|
0-0: Ground out 4-3 (Groundball, 4S, EV 62.5 MPH) Chris Ortiz scores Bobby Paredes to third
|
|
Batting: RHB Francisque Regras
|
0-0: Ball 1-0: Foul Ball, location: 2F 1-1: Ball 2-1: Ball 3-1: Swinging Strike 3-2: Strikes out swinging
|
|
Batting: LHB Marius Tadini
|
0-0: Called Strike 0-1: Swinging Strike 0-2: Strikes out looking
|
| Bottom of the 7th over - 4 runs, 4 hits, 0 errors, 1 left on base; Corpus Christi 7 - Chattanooga 4 |
| TOP OF THE 8TH |
|
Corpus Christi Hooks batting - Pitching for Chattanooga Lookouts : RHP Justin Nourse
|
|
Now in RF: Kozo Kanamori
|
|
|
Batting: RHB Chris McGrath
|
0-0: SINGLE (Line Drive, 8RS, EV 96.3 MPH)
|
|
Batting: RHB Greg Marlar
|
0-0: Bunt missed! 0-1: Ball 1-1: Bunted foul 1-2: Foul Ball, location: 2F 1-2: Ball 2-2: Fly out, F2 (Popup, 2RF, EV 51.3 MPH)
|
|
Batting: RHB Ray Finkle
|
0-0: Ball 1-0: Reached on error, E3 (Groundball, 34, EV 97.5 MPH) Chris McGrath to second
|
|
Batting: RHB Antonio Gamez
|
0-0: Called Strike 0-1: Called Strike 0-2: Strikes out swinging
|
|
Batting: LHB Chris Cabrera
|
0-0: Ball 1-0: Foul Ball, location: 2F 1-1: Ball 2-1: Ball 3-1: SINGLE (Groundball, 4MD, EV 106.3 MPH) Chris McGrath to third Ray Finkle to second Runner from 3rd tries for Home, SAFE, throw by CF to home
|
|
Pitching: RHP Curtis Ferguson
|
|
|
Batting: RHB Jordan Williams
|
0-0: Foul Ball, location: 2F 0-1: Ground out 3-1 (Groundball, 34S, EV 80.6 MPH)
|
| Top of the 8th over - 1 run, 2 hits, 1 error, 2 left on base; Corpus Christi 8 - Chattanooga 4 |
| BOTTOM OF THE 8TH |
|
Chattanooga Lookouts batting - Pitching for Corpus Christi Hooks : RHP Michael Bruce
|
|
Batting: RHB Miguel Verduzco
|
0-0: SINGLE (Groundball, 5L, EV 87.5 MPH) (infield hit)
|
|
Batting: LHB Kozo Kanamori
|
0-0: Swinging Strike 0-1: Ball 1-1: Foul Ball, location: 2F 1-2: Strikes out swinging
|
|
Batting: RHB Isaiah Easter
|
0-0: Called Strike 0-1: Ball 1-1: Ball 2-1: Fly out, F9 (Line Drive, 9D, EV 105.0 MPH)
|
|
Batting: RHB Justin Allison
|
0-0: Called Strike 0-1: Ball 1-1: Ball 2-1: Swinging Strike 2-2: Fly out, F8 (Flyball, 8LD, EV 104.4 MPH)
|
| Bottom of the 8th over - 0 runs, 1 hit, 0 errors, 1 left on base; Corpus Christi 8 - Chattanooga 4 |
| TOP OF THE 9TH |
|
Corpus Christi Hooks batting - Pitching for Chattanooga Lookouts : RHP Curtis Ferguson
|
|
Batting: LHB Sean Trueblood
|
0-0: Ball 1-0: Fly out, F9 (Flyball, 89D, EV 91.3 MPH)
|
|
Batting: LHB Daniel Lopez
|
0-0: Foul Ball, location: 2F 0-1: DOUBLE (Line Drive, 5D, EV 98.8 MPH)
|
|
Batting: LHB Dylan LaRose
|
0-0: Ball 1-0: Ball 2-0: Ground out 5-3 (Groundball, 56, EV 81.9 MPH)
|
|
Batting: RHB Chris McGrath
|
0-0: Ball 1-0: SINGLE (Groundball, 25, EV 66.9 MPH) (infield hit) Daniel Lopez to third
|
|
Batting: RHB Greg Marlar
|
0-0: SINGLE (Groundball, 56, EV 108.8 MPH) (infield hit) Daniel Lopez scores Chris McGrath to second
|
|
Batting: RHB Ray Finkle
|
0-0: Foul Ball, location: 2F 0-1: Ball 1-1: Fielders Choice at 2nd, U6 (Groundball, 6M, EV 87.5 MPH)
|
| Top of the 9th over - 1 run, 3 hits, 0 errors, 2 left on base; Corpus Christi 9 - Chattanooga 4 |
| BOTTOM OF THE 9TH |
|
Chattanooga Lookouts batting - Pitching for Corpus Christi Hooks : RHP Michael Bruce
|
|
Batting: SHB Chris Ortiz
|
0-0: Swinging Strike 0-1: Called Strike 0-2: Ball 1-2: Ball 2-2: Strikes out swinging
|
|
Batting: RHB Bobby Paredes
|
0-0: Called Strike 0-1: Swinging Strike 0-2: Ball 1-2: Ground out 5-3 (Groundball, 56S, EV 88.8 MPH)
|
|
Batting: RHB Julian de Reus
|
0-0: Foul Ball, location: 2F 0-1: Swinging Strike 0-2: Ground out 4-3 (Groundball, 4S, EV 86.9 MPH)
|
| Bottom of the 9th over - 0 runs, 0 hits, 0 errors, 0 left on base; Corpus Christi 9 - Chattanooga 4 |
|